SA
SYRACUSE STORM @ KENNESAW JETS
07/17/2034
 
TOP OF THE 1ST
Syracuse Storm batting - Pitching for Kennesaw Jets : RHP Cristóbal Román
Pitching: RHP Cristóbal Román
Batting: SHB Franck Kooijmans 0-0: Ball
1-0: Foul Ball, location: 2F
1-1: SINGLE (Line Drive, 6MD)
Batting: RHB Dave Maxwell 0-0: Ball
1-0: Foul Ball, location: 2F
1-1: Swinging Strike
1-2: Ball
2-2: Ball
Balk!
Franck Kooijmans to second
3-2: Ground out 6-3 (Groundball, 6)
Franck Kooijmans to third
Batting: LHB Tom Burton 0-0: Called Strike
0-1: Ball
1-1: Called Strike
1-2: Ball
2-2: Ball
3-2: Foul Ball, location: 2F
3-2: Strikes out looking
Batting: RHB Dale Goodman 0-0: Ball
1-0: Foul Ball, location: 2F
1-1: Foul Ball, location: 2F
1-2: Ball
2-2: Ball
3-2: Base on Balls
Batting: LHB Seung-min Sin 0-0: Ball
1-0: Called Strike
1-1: Ball
2-1: Ball
3-1: Called Strike
3-2: Fly out, F7 (Flyball, 7)
Top of the 1st over - 0 runs, 1 hit, 0 errors, 2 left on base; Syracuse 0 - Kennesaw 0
BOTTOM OF THE 1ST
Kennesaw Jets batting - Pitching for Syracuse Storm : LHP Kohei Nishikawa
Pitching: LHP Kohei Nishikawa
Batting: RHB Joshua Neal 0-0: Bunted foul
0-1: SINGLE (Groundball, 56D)
Batting: RHB Conor Culver 0-0: Ball
1-0: Foul Ball, location: 2F
1-1: Ball
2-1: Ball
3-1: Foul Ball, location: 2F
3-2: Base on Balls
Joshua Neal to second
Batting: RHB Alain Grosjean 0-0: Ball
Joshua Neal steals 3rd base
Conor Culver to second
1-0: Ball
2-0: Ball
3-0: Called Strike
3-1: SINGLE (Popup, 6)
Joshua Neal scores
Conor Culver to third
Runner from 3rd tries for Home, SAFE, no throw
Batting: RHB Meester Gobbles-Rooster 0-0: Swinging Strike
0-1: Fly out, F7 (Flyball, 78S)
Batting: RHB António Ortíz 0-0: Foul Ball, location: 2F
0-1: Ball
1-1: 2-RUN HOME RUN (Flyball, 7LD), Distance : 351 ft
Batting: RHB Cary Beswich 0-0: Foul Ball, location: 2F
0-1: Ball
1-1: Ball
2-1: Fly out, F9 (Flyball, 89M)
Batting: LHB Lorenzo Trujillo 0-0: Ball
1-0: Ball
2-0: Foul Ball, location: 2F
2-1: Fly out, F6 (Popup, 56)
Bottom of the 1st over - 4 runs, 3 hits, 0 errors, 0 left on base; Syracuse 0 - Kennesaw 4
TOP OF THE 2ND
Syracuse Storm batting - Pitching for Kennesaw Jets : RHP Cristóbal Román
Batting: RHB Sadakuno Hashimoto 0-0: Swinging Strike
0-1: Ball
1-1: Ball
2-1: Ball
3-1: Fly out, F8 (Flyball, 8LM)
Batting: RHB Adrián Medina 0-0: Ground out 5-3 (Groundball, 56)
Batting: RHB Miguel Román 0-0: Called Strike
0-1: Ground out 1-3 (Groundball, 15S)
Top of the 2nd over - 0 runs, 0 hits, 0 errors, 0 left on base; Syracuse 0 - Kennesaw 4
BOTTOM OF THE 2ND
Kennesaw Jets batting - Pitching for Syracuse Storm : LHP Kohei Nishikawa
Batting: SHB Joam Francia 0-0: Called Strike
0-1: Foul Ball, location: 2F
0-2: Ball
1-2: SINGLE (Groundball, 13S) (infield hit)
Batting: RHB Jason Hopdown 0-0: Called Strike
0-1: Ball
1-1: Ball
2-1: Ball
3-1: Fly out, F3 (Popup, 3)
Batting: RHB Joshua Neal 0-0: Ball
1-0: Ball
2-0: Called Strike
2-1: Ball
3-1: Swinging Strike
3-2: Strikes out swinging
Batting: RHB Conor Culver 0-0: Fly out, F3 (Popup, 3SF)
Bottom of the 2nd over - 0 runs, 1 hit, 0 errors, 1 left on base; Syracuse 0 - Kennesaw 4
TOP OF THE 3RD
Syracuse Storm batting - Pitching for Kennesaw Jets : RHP Cristóbal Román
Batting: RHB Nelson Morán 0-0: Ball
1-0: SOLO HOME RUN (Flyball, 7D), Distance : 370 ft
Batting: SHB Franck Kooijmans 0-0: Swinging Strike
0-1: Ball
1-1: Ball
2-1: Foul Ball, location: 2F
2-2: Foul Ball, location: 2F
2-2: Ball
3-2: Foul Ball, location: 2F
3-2: Base on Balls
Batting: RHB Dave Maxwell 0-0: Ball
1-0: Foul Ball, location: 2F
1-1: Foul Ball, location: 2F
1-2: Strikes out swinging
Batting: LHB Tom Burton 0-0: Ball
Franck Kooijmans is caught stealing 2nd base
1-0: Swinging Strike
1-1: Ball
2-1: DOUBLE (Flyball, 78XD)
Batting: RHB Dale Goodman 0-0: Swinging Strike
0-1: Swinging Strike
0-2: Strikes out swinging
Top of the 3rd over - 1 run, 2 hits, 0 errors, 1 left on base; Syracuse 1 - Kennesaw 4
BOTTOM OF THE 3RD
Kennesaw Jets batting - Pitching for Syracuse Storm : LHP Kohei Nishikawa
Batting: RHB Alain Grosjean 0-0: Foul Ball, location: 2F
0-1: Hit by Pitch
Batting: RHB Meester Gobbles-Rooster 0-0: Ball
1-0: Ball
2-0: Foul Ball, location: 2F
2-1: Foul Ball, location: 2F
2-2: Fly out, F5 (Line Drive, 56)
Batting: RHB António Ortíz 0-0: Called Strike
0-1: Ball
1-1: Foul Ball, location: 2F
1-2: Foul Ball, location: 2F
1-2: Ball
2-2: Strikes out swinging
Batting: RHB Cary Beswich 0-0: Ball
1-0: Foul Ball, location: 2F
1-1: Ball
2-1: Swinging Strike
2-2: Foul Ball, location: 2F
2-2: Strikes out looking
Bottom of the 3rd over - 0 runs, 0 hits, 0 errors, 1 left on base; Syracuse 1 - Kennesaw 4
TOP OF THE 4TH
Syracuse Storm batting - Pitching for Kennesaw Jets : RHP Cristóbal Román
Batting: LHB Seung-min Sin 0-0: Foul Ball, location: 2F
0-1: Foul Ball, location: 2F
0-2: Ball
1-2: Ground out 4-3 (Groundball, 4)
Batting: RHB Sadakuno Hashimoto 0-0: Ball
1-0: Foul Ball, location: 2F
1-1: Called Strike
1-2: Ball
2-2: SINGLE (Line Drive, 7S)
Batting: RHB Adrián Medina 0-0: Swinging Strike
0-1: Ball
1-1: Foul Ball, location: 2F
1-2: Ball
2-2: Ball
3-2: Ground out 4-3 (Groundball, 4S)
Sadakuno Hashimoto to second
Batting: RHB Miguel Román 0-0: Ball
1-0: 2-RUN HOME RUN (Flyball, 7LD), Distance : 351 ft
Batting: RHB Nelson Morán 0-0: Swinging Strike
0-1: Ball
1-1: Fly out, F9 (Flyball, 89S)
Top of the 4th over - 2 runs, 2 hits, 0 errors, 0 left on base; Syracuse 3 - Kennesaw 4
BOTTOM OF THE 4TH
Kennesaw Jets batting - Pitching for Syracuse Storm : LHP Kohei Nishikawa
Batting: LHB Lorenzo Trujillo 0-0: Ball
1-0: Called Strike
1-1: SINGLE (Flyball, 9LS)
Batting: SHB Joam Francia 0-0: Ball
1-0: Ball
2-0: Called Strike
2-1: Called Strike
2-2: Strikes out swinging
Batting: RHB Jason Hopdown 0-0: Ball
1-0: Ball
2-0: Ball
3-0: Called Strike
3-1: Called Strike
3-2: Foul Ball, location: 2F
3-2: Foul Ball, location: 2F
3-2: Fielders Choice at 2nd, 6-4 (Groundball, 6)
Batting: RHB Joshua Neal 0-0: Ball
1-0: Fielders Choice at 2nd, 6-4 (Groundball, 6)
Bottom of the 4th over - 0 runs, 1 hit, 0 errors, 1 left on base; Syracuse 3 - Kennesaw 4
TOP OF THE 5TH
Syracuse Storm batting - Pitching for Kennesaw Jets : RHP Cristóbal Román
Batting: SHB Franck Kooijmans 0-0: Ball
1-0: Swinging Strike
1-1: Ball
2-1: Called Strike
2-2: Strikes out swinging
Batting: RHB Dave Maxwell 0-0: Called Strike
0-1: Ground out 6-3 (Groundball, 6)
Batting: LHB Tom Burton 0-0: Ball
1-0: Ball
2-0: Foul Ball, location: 2F
2-1: Foul Ball, location: 2F
2-2: Fly out, F9 (Flyball, 89M)
Top of the 5th over - 0 runs, 0 hits, 0 errors, 0 left on base; Syracuse 3 - Kennesaw 4
BOTTOM OF THE 5TH
Kennesaw Jets batting - Pitching for Syracuse Storm : LHP Kohei Nishikawa
Batting: RHB Conor Culver 0-0: Ball
1-0: Foul Ball, location: 2F
1-1: Foul Ball, location: 2F
1-2: Ball
2-2: Strikes out looking
Batting: RHB Alain Grosjean 0-0: Ball
1-0: Called Strike
1-1: Ball
2-1: Called Strike
2-2: Fly out, F7 (Line Drive, 78D)
Batting: RHB Meester Gobbles-Rooster 0-0: Called Strike
0-1: Swinging Strike
0-2: Foul Ball, location: 2F
0-2: Ball
1-2: Ball
2-2: Fly out, F9 (Flyball, 9)
Bottom of the 5th over - 0 runs, 0 hits, 0 errors, 0 left on base; Syracuse 3 - Kennesaw 4
TOP OF THE 6TH
Syracuse Storm batting - Pitching for Kennesaw Jets : RHP Cristóbal Román
Batting: RHB Dale Goodman 0-0: Ball
1-0: Foul Ball, location: 2F
1-1: Ball
2-1: TRIPLE (Groundball, 5L)
Batting: LHB Seung-min Sin 0-0: Ball
1-0: Ball
2-0: Called Strike
2-1: Ball
3-1: SINGLE (Line Drive, 8RS)
Dale Goodman scores
Batting: RHB Sadakuno Hashimoto 0-0: Bunted foul
0-1: Sac Bunt - play at first, batter OUT! 1-4
Seung-min Sin to second
Batting: RHB Adrián Medina 0-0: Called Strike
0-1: Fly out, F9 (Flyball, 89S)
Pitching: RHP Bill Tench
Batting: RHB Miguel Román 0-0: Ball
1-0: Foul Ball, location: 2F
1-1: Foul Ball, location: 2F
1-2: Ball
2-2: Foul Ball, location: 2F
2-2: Strikes out swinging
Top of the 6th over - 1 run, 2 hits, 0 errors, 1 left on base; Syracuse 4 - Kennesaw 4
BOTTOM OF THE 6TH
Kennesaw Jets batting - Pitching for Syracuse Storm : LHP Kohei Nishikawa
Batting: RHB António Ortíz 0-0: Ball
1-0: Ball
2-0: Called Strike
2-1: Ground out 5-3 (Groundball, 56)
Batting: RHB Cary Beswich 0-0: Ball
1-0: Ball
2-0: Ball
3-0: Base on Balls
Pitching: RHP Naozane Nakamura
Batting: LHB Lorenzo Trujillo 0-0: Called Strike
0-1: Foul Ball, location: 2F
0-2: Ball
1-2: Ball
2-2: Foul Ball, location: 2F
2-2: Strikes out looking
Batting: SHB Joam Francia 0-0: Ground out U3 (Groundball, 34)
Bottom of the 6th over - 0 runs, 0 hits, 0 errors, 1 left on base; Syracuse 4 - Kennesaw 4
TOP OF THE 7TH
Syracuse Storm batting - Pitching for Kennesaw Jets : RHP Bill Tench
Batting: RHB Nelson Morán 0-0: Fly out, F9 (Flyball, 9LD)
Batting: SHB Franck Kooijmans 0-0: Ball
1-0: Swinging Strike
1-1: Foul Ball, location: 2F
1-2: Foul Ball, location: 2F
1-2: Fly out, F9 (Line Drive, 9D)
Batting: RHB Dave Maxwell 0-0: Called Strike
0-1: SINGLE (Groundball, 34D)
Batting: LHB Tom Burton 0-0: Called Strike
0-1: Ball
1-1: Ball
2-1: Foul Ball, location: 2F
2-2: Strikes out looking
Top of the 7th over - 0 runs, 1 hit, 0 errors, 1 left on base; Syracuse 4 - Kennesaw 4
BOTTOM OF THE 7TH
Kennesaw Jets batting - Pitching for Syracuse Storm : RHP Naozane Nakamura
Pinch Hitting: RHB Bill Richmond 0-0: Ball
1-0: Foul Ball, location: 2F
1-1: Ball
2-1: Ground out 5-3 (Groundball, 56)
Batting: RHB Joshua Neal 0-0: Foul Ball, location: 2F
0-1: Ball
1-1: Swinging Strike
1-2: Ground out 6-3 (Groundball, 6)
Now at SS: Juan Perales
Batting: RHB Conor Culver 0-0: Fly out, F7 (Flyball, 7S)
Bottom of the 7th over - 0 runs, 0 hits, 0 errors, 0 left on base; Syracuse 4 - Kennesaw 4
TOP OF THE 8TH
Syracuse Storm batting - Pitching for Kennesaw Jets : RHP Bill Tench
Now at 2B: Justin Taylor
Batting: RHB Dale Goodman 0-0: Ground out 6-3 (Groundball, 6)
Batting: LHB Seung-min Sin 0-0: Called Strike
0-1: Called Strike
0-2: Strikes out swinging
Batting: RHB Juan Perales 0-0: Foul Ball, location: 2F
0-1: Foul Ball, location: 2F
0-2: Ball
1-2: Ball
2-2: Foul Ball, location: 2F
2-2: DOUBLE (Line Drive, 7LM)
Pinch Hitting: LHB António Escobeda 0-0: Ball
1-0: SINGLE (Line Drive, 8RS)
Juan Perales to third
Runner from 3rd tries for Home, SAFE, no throw
Pinch Hitting: LHB Phil Beck 0-0: Called Strike
0-1: Ground out 4-3 (Groundball, 34)
Top of the 8th over - 1 run, 2 hits, 0 errors, 1 left on base; Syracuse 5 - Kennesaw 4
BOTTOM OF THE 8TH
Kennesaw Jets batting - Pitching for Syracuse Storm : RHP Naozane Nakamura
Now at 2B: Phil Beck
Now in LF: António Escobeda
Batting: RHB Alain Grosjean 0-0: Foul Ball, location: 2F
0-1: Ground out 5-3 (Groundball, 5)
Batting: RHB Meester Gobbles-Rooster 0-0: Ball
1-0: Ground out 6-3 (Groundball, 6)
Batting: RHB António Ortíz 0-0: Called Strike
0-1: Fly out, F4 (Popup, 34S)
Bottom of the 8th over - 0 runs, 0 hits, 0 errors, 0 left on base; Syracuse 5 - Kennesaw 4
TOP OF THE 9TH
Syracuse Storm batting - Pitching for Kennesaw Jets : RHP Bill Tench
Batting: RHB Nelson Morán 0-0: Ball
1-0: SINGLE (Flyball, 89S)
Batting: SHB Franck Kooijmans 0-0: Bunted foul
0-1: Ball
1-1: Ball
2-1: Sac Bunt - play at second, runner OUT! 1-6
Batting: RHB Dave Maxwell 0-0: Swinging Strike
0-1: Foul Ball, location: 2F
0-2: Ball
1-2: Ball
2-2: Foul Ball, location: 2F
2-2: Fly out, F9 (Flyball, 89D)
Batting: LHB Tom Burton 0-0: 2-RUN HOME RUN (Flyball, 89XD), Distance : 382 ft
Pitching: RHP Sébastien Leroy
Batting: RHB Dale Goodman 0-0: Foul Ball, location: 2F
0-1: SINGLE (Line Drive, 8LS)
Batting: LHB Seung-min Sin 0-0: Ball
Pickoff Throw by Catcher to First - Error! E2
Dale Goodman to second
1-0: Called Strike
1-1: Ground out U3 (Groundball, 34)
Top of the 9th over - 2 runs, 3 hits, 1 error, 1 left on base; Syracuse 7 - Kennesaw 4
BOTTOM OF THE 9TH
Kennesaw Jets batting - Pitching for Syracuse Storm : RHP Naozane Nakamura
Pitching: LHP Harris Hopkins
Batting: RHB Cary Beswich 0-0: Ground out 6-3 (Groundball, 6)
Batting: LHB Lorenzo Trujillo 0-0: Ball
1-0: Ball
2-0: Ball
3-0: Called Strike
3-1: Called Strike
3-2: Foul Ball, location: 2F
3-2: Foul Ball, location: 2F
3-2: Foul Ball, location: 2F
3-2: Ground out 4-3 (Groundball, 4)
Batting: SHB Joam Francia 0-0: Ball
1-0: Called Strike
1-1: Foul Ball, location: 2F
1-2: Ball
2-2: Fly out, F4 (Line Drive, 4)
Bottom of the 9th over - 0 runs, 0 hits, 0 errors, 0 left on base; Syracuse 7 - Kennesaw 4
Friday, March 29th, 2019 - OOTP Baseball 18.8 Build 76